 Dungeon Crawl Stone Soup version 0.20.1-1-g8b1a95d (webtiles) character file.

24649 OneorTwo the Bludgeoner (level 12, 0/110 HPs)
             Began as a Minotaur Fighter on Aug 8, 2017.
             Was a High Priest of Okawaru.
             Engulfed by an ice statue's freezing vapour (8 damage)
             ... in an ice cave.
             The game lasted 01:12:35 (15357 turns).

OneorTwo the Bludgeoner (Minotaur Fighter)         Turns: 15357, Time: 01:12:36

Health: 0/110      AC: 15    Str: 26    XL:     12   Next: 82%
Magic:  15/15      EV:  5    Int:  7    God:    Okawaru [*****.]
Gold:   948        SH: 20    Dex: 14    Spells: 11/11 levels left

rFire    . . .     SeeInvis .   N - +3 flail
rCold    . . .     Gourm    .   m - +1 large shield
rNeg     . . .     Faith    +   v - +0 plate armour
rPois    +         Spirit   .   p - +0 hat
rElec    .         Reflect  .   h - scarf {repulsion}
rCorr    .         Harm     .   U - +0 pair of gloves
MR       .....     Rnd*Tele +   w - +0 pair of boots
Stlth    ..........             S - amulet of faith
Regen    0.3/turn               t - ring of poison resistance
MPRegen  0.2/turn               Y - +4 ring of dexterity

@: repel missiles
A: retaliatory headbutt, horns 2, iridescent scales 1, clever 1, deformed body,
deterioration 1, teleportitis 1
a: Heroism, Finesse, Renounce Religion


You were in an ice cave.
You worshipped Okawaru.
Okawaru was extremely pleased with you.
You were hungry.

You visited 2 branches of the dungeon, and saw 14 of its levels.
You also visited: Ice Cave.

You collected 1017 gold pieces.
You spent 69 gold pieces at shops.

Inventory:

Hand Weapons
 H - a +1 whip of draining
 N - a +3 flail (weapon)
Missiles
 b - 19 tomahawks
 C - 2 javelins (quivered)
 D - 5 steel tomahawks
Armour
 h - a scarf of repulsion (worn)
 m - a +1 large shield (worn)
 p - a +0 hat (worn)
 v - a +0 plate armour (worn)
 w - a +0 pair of boots (worn)
 U - a +0 pair of gloves (worn)
 X - a +0 cloak
Jewellery
 t - a ring of poison resistance (left hand)
 S - an amulet of faith (around neck)
 Y - a +4 ring of dexterity (right hand)
Wands
 d - a wand of iceblast (2/15)
 e - a wand of flame (10/48)
 g - a wand of scattershot (2/9)
 j - a wand of confusion (27/48)
 n - a wand of disintegration (0/24)
 o - a wand of paralysis (16/24)
 F - a wand of confusion (19/48)
 K - a wand of polymorph (10/24)
 V - a wand of lightning (3/15)
 W - a wand of polymorph (0/24)
Scrolls
 a - a scroll of identify
 c - 2 scrolls of enchant armour
 l - 7 scrolls of remove curse
 r - 3 scrolls of teleportation
 u - a scroll of blinking
 x - a scroll of immolation
 L - 2 scrolls of enchant weapon
Potions
 k - a potion of ambrosia {unknown}
 s - 4 potions of resistance
 z - a potion of agility {unknown}
 A - 2 potions of flight
 B - a potion of magic {unknown}
 E - a potion of experience {unknown}
 G - a potion of invisibility {unknown}
 O - 2 potions of brilliance {unknown}
 P - 2 potions of berserk rage
 R - a potion of cancellation {unknown}
 T - 3 potions of might
Books
 y - a book of the Earth

   Spells                             Type                      Level
   a - Leda's Liquefaction            Hexes/Earth                  4
   b - Bolt of Magma                  Conjuration/Fire/Earth       5
   c - Statue Form                    Transmutation/Earth          6
   d - Iron Shot                      Conjuration/Earth            6
   e - Shatter                        Earth                        9
 J - a book of Power

   Spells                             Type                      Level
   a - Iskenderun's Battlesphere      Conjuration/Charms           5
   b - Venom Bolt                     Conjuration/Poison           5
   c - Bolt of Magma                  Conjuration/Fire/Earth       5
   d - Iron Shot                      Conjuration/Earth            6
   e - Orb of Destruction             Conjuration                  7
   f - Spellforged Servitor           Conjuration/Summoning        7
Comestibles
 f - 11 bread rations
 q - a royal jelly
 I - 3 meat rations
 Q - 8 fruits


   Skills:
 + Level 11.6 Fighting
 * Level 15.6 Maces & Flails
 + Level 11.0 Armour
 + Level 11.1 Shields
 + Level 6.5 Evocations


You had 11 spell levels left.
You didn't know any spells.

Dungeon Overview and Level Annotations

Branches:
Dungeon (13/15)            Temple (1/1) D:5            Lair (0/6) D:9
    Orc (0/2) D:11
 Vaults: D:13-14

Altars:
Ashenzari
Cheibriados
Dithmenos
Elyvilon
Fedhas
Gozag
Hepliaklqana
Kikubaaqudgha
Makhleb
Nemelex Xobeh
Okawaru
Qazlal
Ru
Sif Muna
Trog
Uskayaw
Vehumet
Xom
Yredelemnul
Zin
The Shining One
Beogh
Lugonu

Shops:
D:8 *   D:9 (

Portals:
Trove: D:10 (give horn of Geryon)

Annotations:
IceCv exclusion: ice statue


Innate Abilities, Weirdness & Mutations

You reflexively headbutt those who attack you in melee.
You have a pair of horns on your head.
You are partially covered in iridescent scales. (AC +2)
Your mind is acute. (Int +2)
Armour fits poorly on your strangely shaped body.
Your body sometimes deteriorates upon taking damage.
You are occasionally teleported next to monsters.


Message History

You feel like a meek peon again.
The ice statue glitters chillingly in the dim dungeon light.
The ice statue gestures.
You hit the ice statue.
The ice statue is moderately damaged.
You thump the ice beast!
The ice beast is moderately wounded.
You block the ice beast's attack.
You sock the ice beast! You headbutt the ice beast.
You kill the ice beast!
The ice statue gestures at you. The freezing blast engulfs you!
* * * LOW HITPOINT WARNING * * *
You are engulfed in freezing vapours.
* * * LOW HITPOINT WARNING * * *
The ice statue gestures at you. The freezing blast engulfs you!
* * * LOW HITPOINT WARNING * * *
You are engulfed in freezing vapours.
You die...

#.##
#..#
##.#
##§#
#.## #
#.## .#
#..## §#
##§.##
§.#
#§§@#§§#
##§§§§§#
#§8§§##
##§§##
#..#
##.# ##


You could see an ice statue.

Vanquished Creatures
  A death knight (D:11)
  4 two-headed ogres
  2 unseen horrors
  A skeletal warrior (D:12)
  2 phantasmal warriors (D:11)
  An ugly thing (D:12)
  A deep elf mage (D:12)
  2 cyclopes
  Maurice (D:9)
  An elephant (D:9)
  2 gargoyles
  A komodo dragon (D:8)
  3 trolls
  9 polar bears (IceCv)
  Grinder (D:5)
  4 hippogriffs
  Sigmund (D:2)
  12 yaks (IceCv)
  A wraith (D:13)
  A vampire (D:12)
  A redback (D:8)
  A wyvern (D:11)
  Eustachio (D:6)
  2 basilisks
  A hungry ghost (D:11)
  8 orc warriors
  2 sky beasts
  2 ogres
  3 phantoms
  2 black bears
  3 necrophages
  16 wolves (IceCv)
  2 centaurs
  2 crocodiles
  A big kobold (D:11)
  13 bullfrogs
  2 scorpions
  A wyvern skeleton (D:11)
  2 water moccasin skeletons (D:8)
  22 killer bees
  5 wights (D:11)
  A troll zombie (D:11)
  A howler monkey (D:9)
  5 centaur zombies
  4 crimson imps
  3 bullfrog zombies
  3 centaur skeletons (D:11)
  4 hounds
  7 jellies
  Crazy Yiuf (D:4)
  13 orc priests
  15 orc wizards
  An iguana (D:7)
  2 bullfrog skeletons (D:9)
  Natasha (thrice) (D:3)
  10 worker ants
  5 ogre zombies (D:11)
  A hound zombie (D:11)
  2 hound skeletons
  A worker ant zombie (D:7)
  18 adders
  3 shadow imps
  An ooze (D:2)
  An adder zombie (D:5)
  An adder skeleton (D:7)
  A worm (D:3)
  A dart slug (D:1)
  3 leopard geckos
  83 orcs
  2 ball pythons
  7 giant cockroaches
  7 goblins
  14 hobgoblins
  12 jackals
  3 quokkas
  6 bats
  14 frilled lizards
  A goblin skeleton (D:11)
  2 goblin zombies (D:11)
  A hobgoblin skeleton (D:11)
  2 hobgoblin zombies (D:11)
  A jackal zombie (D:6)
  12 kobolds
  2 orc skeletons (D:11)
  10 orc zombies (D:11)
  4 rats
437 creatures vanquished.

Notes
Turn   | Place    | Note
-------+----------+-------------------------------------------
     0 | D:1      | OneorTwo the Minotaur Fighter began the quest for the Orb.
     0 | D:1      | Reached XP level 1. HP: 19/19 MP: 0/0
   165 | D:1      | Reached skill level 3 in Maces & Flails
   167 | D:1      | Reached XP level 2. HP: 9/27 MP: 1/1
   787 | D:1      | Reached XP level 3. HP: 32/33 MP: 2/2
   846 | D:1      | Reached skill level 4 in Maces & Flails
  1275 | D:2      | Noticed Sigmund
  1364 | D:2      | Reached XP level 4. HP: 39/41 MP: 3/3
  1722 | D:2      | Killed Sigmund
  1722 | D:2      | Reached skill level 5 in Fighting
  1722 | D:2      | Reached skill level 6 in Maces & Flails
  1722 | D:2      | Reached XP level 5. HP: 41/48 MP: 4/4
  1987 | D:3      | Found a deep blue altar of Sif Muna.
  2013 | D:3      | Found a hazy altar of Hepliaklqana.
  2241 | D:3      | Reached XP level 6. HP: 56/56 MP: 5/5
  2444 | D:3      | Noticed Natasha
  2446 | D:3      | Killed Natasha
  2510 | D:3      | Noticed Natasha
  2517 | D:3      | Killed Natasha
  2553 | D:3      | Found a shattered altar of Ashenzari.
  2553 | D:3      | Found a stormy altar of Qazlal.
  2610 | D:3      | Found a blossoming altar of Fedhas.
  2612 | D:3      | Found a shadowy altar of Dithmenos.
  2732 | D:3      | Noticed Natasha
  2736 | D:3      | Killed Natasha
  2893 | D:4      | Found a radiant altar of Vehumet.
  2894 | D:4      | Found a burning altar of Makhleb.
  3220 | D:4      | Reached skill level 7 in Maces & Flails
  3229 | D:4      | Reached XP level 7. HP: 32/62 MP: 6/6
  3580 | D:4      | Found a bloodstained altar of Trog.
  3780 | D:4      | Found a sparkling altar of Nemelex Xobeh.
  3826 | D:4      | Found a runed door.
  3830 | D:4      | Noticed Crazy Yiuf
  3833 | D:4      | Killed Crazy Yiuf
  4066 | D:3      | Found a white marble altar of Elyvilon.
  4123 | D:5      | Entered Level 5 of the Dungeon
  4273 | D:5      | Found a staircase to the Ecumenical Temple.
  4278 | Temple   | Entered the Ecumenical Temple
  4328 | Temple   | Became a worshipper of Warmaster Okawaru
  4347 | D:5      | Found a shimmering altar of Xom.
  4347 | D:5      | Found a glowing silver altar of Zin.
  4347 | D:5      | Found a white marble altar of Elyvilon.
  4347 | D:5      | Found a snail-covered altar of Cheibriados.
  4348 | D:5      | Found a glowing golden altar of the Shining One.
  4348 | D:5      | Found an iron altar of Okawaru.
  4349 | D:5      | Found a stormy altar of Qazlal.
  4349 | D:5      | Found a shimmering altar of Xom.
  4349 | D:5      | Found a glowing golden altar of the Shining One.
  4349 | D:5      | Found an iron altar of Okawaru.
  4349 | D:5      | Found an ancient bone altar of Kikubaaqudgha.
  4349 | D:5      | Found a hide-covered altar of Uskayaw.
  4411 | D:5      | Noticed Grinder
  4732 | D:5      | Paralysed by Grinder for 3 turns
  4738 | D:5      | Paralysed by Grinder for 6 turns
  4749 | D:5      | Killed Grinder
  4749 | D:5      | Reached * piety under Okawaru
  4749 | D:5      | Reached skill level 8 in Maces & Flails
  4749 | D:5      | Reached skill level 5 in Armour
  5180 | D:5      | Reached skill level 5 in Shields
  5530 | D:6      | Reached XP level 8. HP: 71/71 MP: 7/7
  5572 | D:6      | Noticed a hippogriff
  5578 | D:6      | Killed a hippogriff
  5622 | D:6      | Reached skill level 9 in Maces & Flails
  6222 | D:6      | Found a shimmering altar of Xom.
  6255 | D:6      | Noticed Eustachio
  6264 | D:6      | Killed Eustachio
  6281 | D:6      | Reached skill level 10 in Maces & Flails
  6642 | D:6      | Found a snail-covered altar of Cheibriados.
  6989 | D:7      | Reached XP level 9. HP: 80/80 MP: 8/8
  7017 | D:7      | Reached ** piety under Okawaru
  7601 | D:7      | Found a glowing silver altar of Zin.
  7602 | D:7      | Found an opulent altar of Gozag.
  7665 | D:8      | Noticed a two-headed ogre
  7666 | D:8      | a two-headed ogre changed into a redback
  7800 | D:8      | Found Afreidyura's Assorted Antiques.
  7803 | D:8      | Bought a scroll of identify for 46 gold pieces
  7803 | D:8      | Bought a scroll labeled OSHROI YGIT for 23 gold pieces
  7900 | D:8      | Reached skill level 11 in Maces & Flails
  8018 | D:8      | Noticed a komodo dragon
  8028 | D:8      | Killed a komodo dragon
  8028 | D:8      | Reached *** piety under Okawaru
  8080 | D:8      | Noticed a two-headed ogre
  8080 | D:8      | Reached skill level 1 in Evocations
  8432 | D:8      | Killed a two-headed ogre
  8432 | D:8      | Reached **** piety under Okawaru
  8432 | D:8      | Reached XP level 10. HP: 81/90 MP: 6/10
  8814 | D:9      | Noticed an elephant
  8830 | D:9      | Killed an elephant
  8843 | D:9      | Found a staircase to the Lair.
  8888 | D:9      | Reached skill level 12 in Maces & Flails
  8972 | D:9      | Gained mutation: You are weak. (Str -2) [potion of mutation]
  8972 | D:9      | Gained mutation: You possess an exceptional clarity of mind. [potion of mutation]
  8972 | D:9      | Lost mutation: You are weak. (Str -2) [potion of mutation]
  8973 | D:9      | Lost mutation: You possess an exceptional clarity of mind. [potion of mutation]
  8973 | D:9      | Gained mutation: You are occasionally teleported next to monsters. [potion of mutation]
  8973 | D:9      | Gained mutation: Your mind is acute. (Int +2) [potion of mutation]
  8973 | D:9      | Gained mutation: Your body sometimes deteriorates upon taking damage. [potion of mutation]
  8973 | D:9      | Gained mutation: You are partially covered in iridescent scales. (AC +2) [potion of mutation]
  8993 | D:9      | Found Voruse's Weapon Shop.
  9163 | D:9      | Noticed Maurice
  9178 | D:9      | Killed Maurice
  9254 | D:9      | Killed an unseen horror
  9254 | D:9      | Reached ***** piety under Okawaru
  9321 | D:9      | Found a snail-covered altar of Cheibriados.
  9421 | D:9      | Received a gift from Okawaru
  9663 | D:10     | Entered Level 10 of the Dungeon
  9883 | D:10     | Noticed a gargoyle
  9909 | D:10     | Killed a gargoyle
 10280 | D:10     | Noticed a two-headed ogre
 10294 | D:10     | Killed a two-headed ogre
 10294 | D:10     | Reached XP level 11. HP: 95/98 MP: 9/12
 10449 | D:10     | Found a portal to a secret trove of treasure.
 10653 | D:11     | Noticed a death knight
 10653 | D:11     | Noticed a skeletal warrior
 10653 | D:11     | Noticed a phantasmal warrior
 10667 | D:11     | Reached skill level 13 in Maces & Flails
 10778 | D:11     | Noticed a two-headed ogre
 10796 | D:11     | Killed a two-headed ogre
 10796 | D:11     | Reached skill level 10 in Fighting
 10854 | D:11     | Received a gift from Okawaru
 11017 | D:11     | Received a gift from Okawaru
 11020 | D:11     | Got a bloodstained hand crossbow {god gift}
 11021 | D:11     | Identified the +3 hand crossbow "Nuruetuw" {elec, *Contam Str+4 Stlth+} (Okawaru gifted it to you on level 11 of the Dungeon)
 11073 | D:11     | Gained mutation: Armour fits poorly on your strangely shaped body. [mutagenic glow]
 11123 | D:11     | Found a staircase to the Orcish Mines.
 11259 | D:11     | Killed a phantasmal warrior
 11261 | D:11     | Noticed a phantasmal warrior
 11277 | D:11     | Killed a phantasmal warrior
 11277 | D:11     | Reached skill level 5 in Evocations
 11651 | D:12     | Killed a skeletal warrior
 11651 | D:12     | Reached skill level 14 in Maces & Flails
 11756 | D:12     | Noticed a green ugly thing
 11767 | D:12     | Noticed a deep elf mage
 12010 | D:11     | Killed a death knight
 12010 | D:11     | Reached skill level 10 in Shields
 12480 | D:11     | Noticed a two-headed ogre
 12490 | D:11     | Killed a two-headed ogre
 12490 | D:11     | Received a gift from Okawaru
 12490 | D:11     | Reached skill level 10 in Armour
 12493 | D:11     | Got a brightly glowing buckler {god gift}
 12524 | D:11     | Killed an unseen horror
 12524 | D:11     | Reached XP level 12. HP: 62/108 MP: 15/15
 12549 | D:11     | Identified the +0 buckler of Okawaru's Supremacy {rPois Dex+4 Stlth+} (Okawaru gifted it to you on level 11 of the Dungeon)
 12580 | D:11     | Found a roughly hewn altar of Beogh.
 13169 | D:12     | Identified a scroll of acquirement
 14341 | D:13     | Found a frozen archway.
 14356 | D:13     | Reached skill level 15 in Maces & Flails
 14369 | IceCv    | Entered an ice cave
 14562 | IceCv    | Received a gift from Okawaru
 15357 | IceCv    | Engulfed by an ice statue's freezing vapour

Skill      XL: |  1  2  3  4  5  6  7  8  9 10 11 12 |
---------------+-------------------------------------+-----
Maces & Flails | 3 4 6 7 8 10 11 12 14 15 | 15.6
Fighting       | 4 5 6 7 8 9 10 11 | 11.6
Armour         | 4 5 6 7 8 10 11 | 11.0
Shields        | 4 5 6 7 9 10 11 | 11.1
Evocations     | 1 3 5 6 |  6.5

Action                   |  1- 3 |  4- 6 |  7- 9 | 10-12 || total
-------------------------+-------+-------+-------+-------++-------
Melee: Flail             |   170 |   105 |   184 |   650 ||  1109
       Headbutt          |    19 |    18 |    81 |   262 ||   380
       Whip              |       |       |   193 |   206 ||   399
       Mace              |       |       |       |   106 ||   106
Throw: Stone             |       |       |     6 |       ||     6
       Javelin           |       |       |    12 |    18 ||    30
       Tomahawk          |       |       |     6 |     8 ||    14
Invok: Heroism           |       |       |     3 |    17 ||    20
Evoke: Wand              |       |       |    12 |    43 ||    55
       Fan of gales      |       |       |       |     1 ||     1
  Use: Scroll            |       |     2 |    14 |    12 ||    28
       Potion            |       |       |     1 |     5 ||     6
  Eat: Chunk             |     2 |     6 |    26 |    18 ||    52
Armor: Scale mail        |    70 |     1 |       |       ||    71
       Plate armour      |       |    46 |   104 |   309 ||   459
Dodge: Dodged            |    42 |     3 |    17 |    71 ||   133
       Deflected         |       |       |       |     1 ||     1
Block: Shield            |    48 |       |       |       ||    48
       Large shield      |    69 |    79 |   238 |   767 ||  1153
